AoeStats
← NPG | Shimishi Maki

Arabia

508306957Analyzed
4v4 RM · 10d ago on Sep 21, 2026· 35m 8s· 8 players
Game mode
Random Map
Map size
Large (8 player)
Population
200
Speed
Normal
Resources
Standard
Victory
Conquest
Starting age
Dark Age
Ending age
Imperial Age
RankedLock teamsTeams togetherTeam positionsShared explorationLock speedFull tech treeHidden civsTurbo modeCheats
Victory
Defeat
🇨🇱 Italians · Chile
1674
+13
🇨🇱 Turks · Chile
1648
+15
🇨🇱 Byzantines · Chile
1564
+18
🇨🇱 Maya · Chile
1514
+20
🇫🇷 Mapuche · France
1668
-19
🇩🇪 Khmer · Germany
1603
-16
🇦🇷 Mongols · Argentina
1602
-16
🇨🇴 Vikings · Colombia
1573
-15
KumaraGD
5:54 Loom
9:07 Feudal Age
9:56 Double-Bit Axe
13:00 Fletching
13:12 Horse Collar
23:59 Castle Age
24:50 Bodkin Arrow
25:45 Husbandry
26:29 Bow Saw
27:55 Bloodlines
28:42 Padded Archer Armor
31:00 Leather Archer Armor
31:09 Town Watch
MZTK I Kazoo
7:06 Loom
9:42 Feudal Age
10:24 Double-Bit Axe
14:54 Scale Barding Armor
15:00 Horse Collar
22:07 Castle Age
23:11 Chain Barding Armor
23:31 Forging
23:38 Gold Mining
25:46 Fletching
25:35 Crossbowman
26:17 Padded Archer Armor
26:34 Bodkin Arrow
27:27 Bow Saw
28:06 Leather Archer Armor
32:22 Gold Shaft Mining
37:08 Imperial Age
OGN
5:59 Loom
8:46 Feudal Age
13:49 Fletching
16:33 Padded Archer Armor
17:24 Double-Bit Axe
23:33 Castle Age
23:21 Gold Mining
24:15 Bodkin Arrow
23:50 Crossbowman
26:03 Ballistics
33:22 Wheelbarrow
Willox
6:39 Loom
8:47 Feudal Age
9:23 Double-Bit Axe
9:34 Horse Collar
17:41 Bloodlines
21:22 Castle Age
20:27 Scale Barding Armor
20:33 Forging
20:47 Gold Mining
21:36 Light Cavalry
31:02 Chain Barding Armor
NPG | FishCL
5:08 Loom
9:38 Feudal Age
13:09 Fletching
17:01 Padded Archer Armor
23:24 Castle Age
21:53 Gold Mining
23:09 Double-Bit Axe
23:34 Crossbowman
24:10 Bodkin Arrow
26:41 Bow Saw
28:52 Ballistics
33:29 Thumb Ring
Dkastro
7:05 Loom
9:24 Feudal Age
9:56 Double-Bit Axe
10:11 Horse Collar
17:42 Wheelbarrow
17:23 Scale Barding Armor
21:22 Castle Age
20:11 Forging
20:52 Bloodlines
20:54 Gold Mining
22:05 Husbandry
22:48 Chain Barding Armor
26:04 Bow Saw
29:25 Town Watch
30:32 Iron Casting
30:53 Heavy Plow
34:49 Hand Cart
38:17 Imperial Age
BrøweN
0:26 Loom
9:23 Feudal Age
15:00 Fletching
24:50 Castle Age
24:30 Padded Archer Armor
24:23 Gold Mining
24:19 Double-Bit Axe
24:16 Horse Collar
25:42 Crossbowman
26:21 Bodkin Arrow
34:10 Leather Archer Armor
34:03 Thumb Ring
38:15 Imperial Age
NPG | Shimishi Maki
6:07 Loom
8:28 Feudal Age
9:24 Double-Bit Axe
13:05 Horse Collar
16:01 Scale Barding Armor
16:54 Forging
20:12 Wheelbarrow
20:07 Bloodlines
23:25 Castle Age
24:31 Chain Barding Armor
24:22 Bow Saw
24:24 Husbandry
28:53 Gold Mining
33:22 Iron Casting
Connection lost

Rejoining the realm…

Still unreachable

The connection could not be restored.

Session expired

The server has moved on; the page needs a fresh start.